 Dungeon Crawl Stone Soup version 0.29-a0-723-gce39da1c22 (webtiles) character file.

Game seed: 9797846482579466142

342 hquester1 the Shield-Bearer (level 6, 0/56 HPs)
             Began as a Minotaur Fighter on June 28, 2022.
             Slain by a gnoll
             ... wielding a +0 spear
              (4 damage)
             ... on level 4 of the Dungeon.
             The game lasted 00:06:26 (3469 turns).

hquester1 the Shield-Bearer (Minotaur Fighter)      Turns: 3469, Time: 00:06:26

Health: 0/56       AC:  7    Str: 21    XL:     6   Next: 30%
Magic:  5/5        EV:  9    Int:  5    God:
Gold:   163        SH:  5    Dex: 11    Spells: 5/5 levels left

rFire   . . .      SeeInvis .   a - +0 flail
rCold   . . .      Faith    .   c - +0 buckler
rNeg    . . .      Spirit   .   b - +0 scale mail
rPois   .          Reflect  .   (helmet restricted)
rElec   .          Harm     .   (no cloak)
rCorr   .          Rampage  .   (no gloves)
Will    .....                   (no boots)
Stlth   ..........              (no amulet)
HPRegen 0.18/turn               v - +4 ring of slaying
MPRegen 0.09/turn               (no ring)

@: lethally poisoned (0 -> -2)
A: horns 2, retaliatory headbutt
a: no special abilities


You were on level 4 of the Dungeon.
You visited 1 branch of the dungeon, and saw 4 of its levels.
You also visited: Sewer.

You collected 191 gold pieces.
You spent 28 gold pieces at shops.

Inventory:

Hand Weapons
 a - a +0 flail (weapon)
 x - a +4 dagger
Armour
 b - a +0 scale mail (worn)
 c - a +0 buckler (worn)
 m - a +0 plate armour
Jewellery
 j - a +6 ring of intelligence
 p - a ring of protection from cold
 q - a ring of resist corrosion
 v - a +4 ring of slaying (left hand)
Scrolls
 e - a scroll of vulnerability {unknown}
 f - a scroll of enchant armour {unknown}
 g - a scroll of immolation {unknown}
 h - 2 scrolls of blinking {unknown}
 i - a scroll of fear {unknown}
 l - a scroll of fog {unknown}
 u - a scroll of amnesia {unknown}
 y - a scroll of teleportation {unknown}
Potions
 d - a potion of might
 k - a potion of lignification
 n - 5 potions of heal wounds
 o - a potion of magic
 r - a potion of curing {unknown}
 s - a potion of haste {unknown}
 t - a potion of brilliance {unknown}
 w - 2 potions of flight


   Skills:
 + Level 5.0 Fighting
 + Level 4.0 Maces & Flails
 + Level 4.9 Armour
 + Level 1.4 Dodging
 * Level 5.9 Shields


You had 5 spell levels left.
You didn't know any spells.
Your spell library was empty.

Dungeon Overview and Level Annotations

Branches:
Dungeon (4/15)              Sewer (visited)
 Temple: D:4-7

Altars:
Fedhas
Wu Jian

Shops:
D:1 *


Innate Abilities, Weirdness & Mutations

You have a pair of horns on your head.
You reflexively headbutt those who attack you in melee.


Message History

The scorpion barely misses you. You furiously retaliate!
You headbutt the scorpion! You barely miss the scorpion.
The scorpion is heavily wounded.
The gnoll hits you with a +0 spear. The scorpion stings you.
You are poisoned.
The scorpion poisons you!
You hit the scorpion.
The scorpion is almost dead.
You feel very sick. The scorpion closely misses you.
You block the gnoll's attack. The gnoll closely misses you.
You barely miss the scorpion.
The scorpion is almost dead.
You feel very sick. The scorpion stings you. You block the gnoll's attack.
The gnoll closely misses you.
The scorpion stings you but does no damage.
You barely miss the scorpion. You headbutt the scorpion.
You kill the scorpion!
You feel sick. You block the gnoll's attack. The gnoll barely misses you.
Your Fighting skill increases to level 5!
Your Maces & Flails skill increases to level 4!
You barely miss the gnoll. You headbutt the gnoll!
The gnoll is almost dead.
You feel sick. The gnoll hits you with a +0 spear.
* * * LOW HITPOINT WARNING * * *
You block the gnoll's attack. The gnoll barely misses you. x2
The gnoll hits you with a +0 club.
* * * LOW HITPOINT WARNING * * *
The gnoll hits you with a +0 spear.
* * * LOW HITPOINT WARNING * * *
You sock the gnoll!
You kill the gnoll!
You feel sick. The gnoll closely misses you. The gnoll hits you with a +0 club.
* * * LOW HITPOINT WARNING * * *
You barely miss the gnoll. Your headbutt misses the gnoll.
* * * LOW HITPOINT WARNING * * *
You feel sick. The gnoll hits you with a +0 spear.
You die...

##.# ##...#
## ..... .#
###...##.#
#........#
#........#
#.....)g.##
#.....@g..#
#....<##..#
#.#.### .#
# #


You could see 2 gnolls.

Vanquished Creatures
  A kobold brigand (Sewer)
  A scorpion (D:4)
  An orc priest (D:2)
  2 orc wizards (D:2)
  2 gnolls (D:4)
  3 adders
  3 river rats (Sewer)
  A worm (D:3)
  A dart slug (D:1)
  2 orcs
  3 ball pythons
  6 endoplasms
  A giant cockroach (D:1)
  4 goblins
  4 hobgoblins
  3 jackals (Sewer)
  8 kobolds
  2 quokkas
  5 bats
  4 frilled lizards
  9 rats
66 creatures vanquished.

Notes
Turn   | Place    | Note
-------+----------+-------------------------------------------
     0 | D:1      | hquester1 the Minotaur Fighter began the quest for the Orb.
     0 | D:1      | Reached XP level 1. HP: 19/19 MP: 0/0
   155 | D:1      | Reached XP level 2. HP: 27/27 MP: 1/1
   599 | D:1      | Found Syol's General Store.
   603 | D:1      | Bought a scroll of identify for 28 gold pieces
  1120 | D:2      | Reached XP level 3. HP: 33/33 MP: 2/2
  1404 | D:2      | Found a faded altar of an unknown god.
  1737 | D:2      | Reached XP level 4. HP: 40/40 MP: 3/3
  1757 | D:2      | Reached skill level 5 in Shields
  2077 | D:2      | Reached XP level 5. HP: 47/47 MP: 4/4
  2309 | D:3      | Found a glowing drain.
  2329 | Sewer    | Entered a sewer
  2384 | Sewer    | Reached skill level 1 in Dodging
  2626 | Sewer    | Found a white marble altar of Elyvilon.
  2800 | D:3      | Found an ornate altar of the Wu Jian Council.
  2852 | D:3      | Found a blossoming altar of Fedhas.
  3183 | D:3      | Reached XP level 6. HP: 55/55 MP: 5/5
  3467 | D:4      | Reached skill level 5 in Fighting
  3469 | D:4      | Slain by a gnoll

Illustrated notes

Levels and vault maps discovered:
D:1:      minmay_arrival_glassed_features, layout_basic, serial_shops,
          nicolae_diamond_shop, serial_park_tiny_2
D:2:      layout_basic, basic_ecumenical_altar
D:3:      layout_loops_corners, fedhas_ov_isle_minmay,
          mainiacjoe_overflow_chevrons, portal_sewer_entry_a,
          minmay_misc_feat_rugged
D:4:      layout_loops_ring, okawaru_gym_becter, uniq_pikel

Skill      XL: |  1  2  3  4  5  6 |
---------------+-------------------+-----
Shields        | 4 5 |  5.9
Fighting       | 4 5 |  5.0
Armour         | 4 |  4.9
Maces & Flails | 3 4 |  4.0
Dodging        | 1 |  1.4

Action                   |  1- 3 |  4- 6 || total
-------------------------+-------+-------++-------
Melee: Flail             |    68 |    71 ||   139
       Headbutt          |    14 |     8 ||    22
  Use: Scroll            |     3 |       ||     3
Armor: Scale mail        |    40 |    24 ||    64
Dodge: Dodged            |    31 |    44 ||    75
Block: Buckler           |    20 |    22 ||    42

Table legend: (Time is in decaauts)
 A = Elapsed time spent in this place.
 B = Non-inter-level travel time spent in this place.
 C = Inter-level travel time spent in this place.
 D = Time resting spent in this place.
 E = Time spent auto-exploring this place.
 F = Levels seen in this place.
 G = Mean time per level.
                   A        B        C        D        E       F      G
               +--------+--------+--------+--------+--------+-----+--------+
         Total |   3541 |   3351 |    190 |      0 |   2829 |   5 |  708.2 |
       Dungeon |   3129 |   2939 |    190 |      0 |   2496 |   4 |  782.2 |
         Sewer |    412 |    412 |      0 |      0 |    333 |   1 |  412.0 |
               +--------+--------+--------+--------+--------+-----+--------+

Top non-repeatable levels by time:
     D:2: 1296 daAuts
     D:1: 917 daAuts
     D:3: 901 daAuts
   Sewer: 412 daAuts
     D:4: 14 daAuts
